Map: Blueshift LE

Players

Neeb

  • Race: Protoss Protoss
  • Spawn Location: 1:00

Reynor - Winner!

  • Race: Zerg Zerg
  • Spawn Location: 7:00

Event: WCS Montreal 2018

VOD

Have the link to the VOD?

Description

Time

  • Played on: Sept. 8, 2018, 5:58 p.m.
  • Length: 11:47

All games in this series

Show
View Real Time Build Order
Export as new Build Order

Neeb Protoss 

Build Orders: 1 Gate Expand, Oracle Opening, Phoenix Opening, Archon Immortal, Zealot Archon 

Get SALT Encoding   

  12  0:00  Probe  
  13  0:12  Probe  
  14  0:19  Pylon  
  14  0:24  Probe  
  15  0:31  Assimilator  
  15  0:35  Probe  
  16  0:45  Probe  
  16  0:46  Gateway  
  17  0:53  Probe  
  18  1:05  Probe  
  19  1:17  Probe  
  20  1:25  Nexus  
  20  1:34  Cybernetics Core  
  20  1:37  Probe  
  21  1:42  Assimilator  
  21  1:49  Probe  
  21  1:52  Pylon  
  22  2:01  Probe  
  22  2:02  Adept  
  23  2:13  Probe  
  26  2:20  Adept  
  26  2:24  Stargate  
  26  2:26  Probe  
  29  2:33  Probe  
  30  2:38  Probe  
  30  2:43  Probe  
  31  2:45  Gateway  
  32  2:54  Probe  
  32  2:58  Probe  
  36  3:09  Pylon  
  33  3:15  Warp Gate  
  33  3:22  Adept, Probe x2  
  33  3:26  Oracle  
  36  3:31  Pylon  
  36  3:34  Probe x2  
  37  3:43  Gateway  
  37  3:46  Probe x2  
  38  3:56  Phoenix  
  38  3:58  Probe x2  
  38  4:01  Pylon  
  42  4:10  Probe x2  
  44  4:22  Probe  
  44  4:23  Probe  
  46  4:34  Probe  
  46  4:35  Probe  
  46  4:37  Adept x2  
  50  4:38  Adept  
  50  4:45  Pylon  
  50  4:46  Probe  
  50  4:47  Probe  
  52  4:53  Pylon  
  52  4:58  Probe, Oracle  
  52  4:59  Probe  
  54  5:03  Assimilator  
  54  5:06  Robotics Facility  
  54  5:07  Assimilator  
  54  5:10  Probe  
  54  5:11  Probe  
  59  5:17  Adept  
  59  5:18  Adept x2  
  65  5:23  Probe x2  
  65  5:27  Pylon  
  67  5:35  Probe  
  68  5:38  Adept  
  70  5:46  Immortal  
  70  5:48  Adept x2  
  72  5:53  Twilight Council  
  72  5:56  Pylon  
  76  5:59  Adept  
  72  6:08  Gateway, Probe  
  72  6:09  Probe  
  70  6:11  Sentry  
  70  6:12  Adept  
  72  6:22  Gateway  
  72  6:23  Gateway  
  72  6:24  Charge  
  72  6:25  Immortal  
  76  6:33  Gateway  
  76  6:37  Templar Archives  
  76  6:42  Gateway  
  76  6:44  Gateway  
  70  6:57  Zealot x3  
  76  7:01  Pylon  
  76  7:06  Warp Prism  
  78  7:18  Nexus  
  78  7:22  Zealot x2  
  82  7:31  High Templar  
  82  7:32  High Templar, Pylon  
  86  7:39  Archon  
  86  7:42  Zealot x4  
  92  7:46  Immortal  
  92  7:53  Nexus  
  93  8:00  High Templar x2  
  99  8:06  High Templar, Archon  
  99  8:07  High Templar  
  99  8:10  Pylon  
  99  8:11  Pylon x2  
  101  8:14  Archon  
  101  8:15  Immortal  
  101  8:29  Sentry  
  101  8:30  Zealot x3  
  113  8:37  Zealot x2  
  117  8:48  High Templar  
  117  8:50  High Templar  
  117  8:51  Zealot x2  
  117  8:52  Pylon  
  117  8:53  Pylon  
  117  8:55  Archon  
  125  9:08  Zealot x4  
  129  9:30  Zealot x3  
  133  9:31  Zealot x3  
  133  9:32  Zealot  
  133  9:33  Zealot  
  91  10:06  Immortal  
  71  10:20  High Templar x2  
  71  10:21  High Templar x2  
  75  10:22  Zealot x4  
  75  10:26  Archon x2  
  83  10:38  Zealot x2  
  87  10:46  Immortal  
  91  10:50  High Templar x2, Sentry, Zealot x2  
  91  10:55  Assimilator, Zealot x3  
  91  10:56  Assimilator  
  108  10:58  Archon  
  100  11:09  Nexus  
  98  11:13  Zealot x2  
  98  11:14  Zealot  
  98  11:15  Zealot  
  98  11:16  Zealot x2  
  110  11:23  Zealot x2  
Show
View Real Time Build Order
Export as new Build Order

Reynor Zerg - Winner!

Build Orders: Hatch First 

Get SALT Encoding   

  12  0:00  Drone  
  13  0:12  Overlord  
  13  0:16  Drone  
  14  0:30  Drone x2  
  16  0:46  Drone  
  17  0:51  Hatchery  
  17  0:54  Drone  
  17  0:58  Drone  
  18  1:08  Extractor  
  17  1:14  Spawning Pool  
  17  1:16  Drone  
  17  1:20  Drone  
  18  1:27  Drone  
  19  1:41  Drone  
  20  1:50  Overlord  
  21  2:01  Zergling x2  
  21  2:02  Queen x2  
  21  2:03  Zergling x2  
  26  2:10  Drone  
  26  2:12  Metabolic Boost  
  27  2:16  Zergling x2  
  28  2:26  Drone x2  
  30  2:36  Hatchery  
  29  2:38  Zergling x2  
  29  2:41  Zergling x2  
  31  2:47  Queen  
  33  2:52  Overlord  
  33  2:56  Drone  
  35  2:58  Drone  
  35  3:00  Zergling x2  
  36  3:06  Overlord  
  36  3:11  Drone  
  37  3:13  Drone  
  37  3:14  Drone x2  
  40  3:21  Overlord  
  40  3:22  Drone  
  40  3:34  Zergling x4  
  41  3:36  Spore Crawler, Queen  
  41  3:39  Spore Crawler  
  41  3:41  Drone  
  42  3:42  Drone  
  43  3:54  Drone x3  
  43  3:55  Drone  
  46  3:56  Drone  
  46  3:57  Queen  
  49  4:04  Drone x3  
  49  4:05  Drone  
  53  4:10  Drone x2  
  53  4:15  Queen  
  57  4:17  Drone  
  58  4:27  Drone x4  
  58  4:28  Drone x2  
  58  4:29  Drone  
  64  4:31  Zergling x4  
  65  4:39  Drone, Evolution Chamber  
  65  4:40  Overlord  
  65  4:41  Overlord  
  65  4:46  Overlord  
  65  4:49  Overlord  
  65  4:54  Overlord  
  65  5:00  Zergling x2  
  65  5:01  Zergling x12  
  65  5:03  Drone  
  65  5:05  Drone x2, Zerg Melee Weapons Level 1  
  75  5:08  Spore Crawler  
  75  5:10  Queen  
  76  5:15  Baneling Nest  
  76  5:17  Zergling x6  
  78  5:21  Zergling x6  
  78  5:22  Zergling x2  
  78  5:25  Zergling x6  
  84  5:29  Zergling x4  
  84  5:32  Zergling x2  
  84  5:34  Overlord  
  87  5:36  Zergling x4  
  87  5:37  Zergling x2  
  87  5:51  Drone x2  
  87  5:52  Drone, Lair  
  87  5:56  Zergling x12  
  89  6:04  Zergling x6  
  89  6:08  Zergling x6  
  89  6:10  Overlord  
  91  6:12  Zergling x6  
  91  6:14  Drone  
  90  6:19  Drone x3  
  90  6:20  Drone  
  90  6:21  Extractor  
  90  6:22  Extractor  
  90  6:23  Extractor  
  90  6:24  Zergling x2  
  89  6:26  Zergling x2  
  89  6:30  Drone  
  88  6:34  Zergling x4  
  88  6:36  Drone x3  
  91  6:40  Zergling x2, Roach Warren  
  91  6:43  Overlord  
  91  6:44  Hatchery  
  91  6:45  Drone x2  
  91  6:50  Zergling x4  
  88  6:57  Overlord  
  87  7:11  Extractor  
  86  7:15  Hatchery  
  86  7:20  Roach  
  86  7:21  Roach x9  
  86  7:22  Glial Reconstitution  
  105  7:24  Roach x6  
  105  7:28  Zergling x2  
  118  7:32  Zergling x6  
  118  7:33  Overlord  
  118  7:36  Zergling x2  
  119  7:41  Zergling x2  
  116  7:45  Zergling x2  
  116  7:47  Zergling x2  
  116  7:49  Zergling x2  
  117  7:53  Zergling x4  
  117  7:54  Zergling x8  
  123  7:59  Drone x2  
  123  8:00  Zerg Melee Weapons Level 2, Centrifical Hooks  
  123  8:02  Drone x3  
  128  8:06  Overlord  
  128  8:07  Drone  
  128  8:09  Drone x2  
  128  8:10  Drone  
  131  8:14  Zergling x2  
  131  8:18  Zergling x2  
  133  8:20  Zergling x4  
  133  8:25  Zergling x4  
  133  8:26  Zergling x4  
  139  8:27  Queen  
  139  8:30  Zergling x10  
  146  8:34  Overlord  
  146  8:36  Drone x4  
  146  8:39  Overlord  
  150  8:42  Overlord  
  149  8:48  Overlord  
  149  8:51  Overlord  
  149  8:54  Overlord  
  149  8:55  Zergling x8  
  150  8:56  Zergling x8  
  157  9:05  Zergling x14  
  157  9:06  Zergling x8  
  155  9:15  Roach x3  
  155  9:16  Roach x3  
  155  9:19  Zergling x2  
  155  9:20  Baneling x4  
  155  9:21  Baneling x2  
  148  9:24  Ravager  
  148  9:25  Ravager x3  
  148  9:27  Roach x4  
  148  9:28  Roach x4  
  165  9:33  Baneling, Ravager x4  
  165  9:34  Baneling x7  
  165  9:37  Baneling x7  
  162  9:49  Zergling x2  
  162  9:50  Zergling x24  
  157  9:56  Zergling x6  
  136  10:00  Zergling x2  
  136  10:02  Zergling x4  
  136  10:06  Zergling x4  
  118  10:08  Zergling x4  
  118  10:09  Zergling x2  
  118  10:11  Zergling x4  
  110  10:15  Zergling x4  
  110  10:16  Ravager x4  
  110  10:17  Ravager  
  110  10:18  Zergling x2  
  118  10:21  Zergling x2  
  118  10:26  Zergling x6  
  121  10:28  Drone  
  121  10:33  Zergling x4  
  124  10:37  Baneling x2  
  124  10:38  Baneling x10  
  124  10:44  Zergling x10  
  124  10:45  Zergling x2  
  124  10:47  Drone x5  
  131  10:58  Roach x3  
  131  10:59  Zergling x6  
  131  11:00  Zergling x6  
  131  11:04  Baneling x11  
  139  11:11  Roach x4  
  143  11:19  Roach x4  
  143  11:21  Ravager x2  
  153  11:27  Baneling x2  
  153  11:28  Baneling x3  
Tags
 
Add a new tag
Caveats
  • Supply blocks, unpowered buildings, or Contaminate may cause inaccurate times.
  • Supply counts are checked every 10 seconds.